Map: Frozen Temple

Players

capac - Winner!

  • Race: Terran Terran
  • League: Gold

A.I. 1 (Elite)

  • Race: Protoss Protoss

VOD

Have the link to the VOD?

Description

Time

  • Played on: April 12, 2016, 12:23 p.m.
  • Length: 9:36
Show
View Real Time Build Order
Export as new Build Order

capac Terran - Winner!

Build Orders:  

Get SALT Encoding   

  12  0:02  SCV  
  13  0:15  SCV  
  13  0:20  Supply Depot  
  14  0:27  SCV  
  15  0:42  SCV  
  16  0:43  Barracks  
  16  0:46  Refinery  
  16  0:54  SCV  
  17  1:09  SCV  
  18  1:27  SCV  
  19  1:34  Barracks Reactor  
  19  1:37  Command Center  
  19  1:42  Orbital Command  
  19  1:51  Supply Depot  
  19  2:10  SCV  
  19  2:12  Factory  
  19  2:14  Marine x2  
  22  2:23  Barracks  
  22  2:26  SCV  
  23  2:35  Marine x2  
  25  2:39  SCV  
  25  2:43  Refinery  
  26  2:51  SCV  
  28  2:53  Orbital Command  
  28  2:56  Marine x2  
  29  3:06  Starport  
  29  3:18  SCV  
  30  3:23  Marine  
  30  3:24  Barracks Tech Lab  
  30  3:25  Factory Tech Lab  
  31  3:29  SCV  
  31  3:30  SCV  
  33  3:37  Marine  
  34  3:44  Siege Tank  
  37  3:51  Supply Depot  
  37  3:53  Marine  
  37  3:54  Marine  
  39  3:56  Medivac  
  39  4:01  SCV  
  39  4:02  SCV  
  43  4:07  Barracks  
  43  4:08  Barracks  
  43  4:13  SCV  
  43  4:14  SCV  
  45  4:24  Marine  
  45  4:25  Marine x2, Medivac  
  45  4:28  SCV x2  
  45  4:30  Supply Depot  
  52  4:36  Refinery  
  52  4:41  SCV x2  
  52  4:43  Stimpack  
  54  4:46  Marine x3  
  54  4:52  Supply Depot  
  57  4:53  SCV x2  
  59  5:01  Barracks Reactor x2  
  59  5:02  Starport Reactor  
  60  5:07  Marine x3, SCV x2  
  64  5:17  Supply Depot  
  64  5:26  Command Center  
  64  5:30  Siege Tank  
  64  5:34  Marine  
  64  5:35  Marine x2  
  70  5:36  SCV  
  71  5:43  Supply Depot, Refinery  
  71  5:52  SCV x2  
  71  5:56  Medivac x2  
  77  6:04  SCV x2  
  77  6:06  Siege Tank  
  77  6:11  Supply Depot  
  82  6:16  SCV x2  
  84  6:19  Marine x4  
  84  6:20  Marine x3  
  91  6:26  Medivac  
  91  6:32  Medivac  
  95  6:41  Marine x4, Siege Tank  
  95  6:42  Marine x3  
  105  6:57  SCV x2  
  105  6:58  Supply Depot  
  105  6:59  Marine x6  
  113  7:03  Supply Depot  
  113  7:09  Liberator x2  
  113  7:19  Marine x2  
  113  7:20  Marine x5  
  120  7:28  SCV  
  127  7:37  Marine x4  
  108  8:31  Liberator  
  108  8:39  Marine x3  
  108  8:40  Marine x3  
  114  8:47  Siege Tank  
Show
View Real Time Build Order
Export as new Build Order

A.I. 1 (Elite) Protoss 

Build Orders: Zealot Archon 

Get SALT Encoding   

  12  0:01  Probe (Chrono Boost)  
  13  0:11  Probe (Chrono Boost)  
  14  0:20  Pylon  
  14  0:22  Probe (Chrono Boost)  
  15  0:39  Probe (Chrono Boost)  
  16  0:47  Assimilator  
  16  0:49  Probe (Chrono Boost)  
  17  0:50  Gateway  
  17  1:00  Probe (Chrono Boost)  
  17  1:01  Pylon  
  18  1:10  Probe (Chrono Boost)  
  19  1:21  Probe (Chrono Boost)  
  20  1:31  Probe (Chrono Boost)  
  21  1:38  Zealot  
  21  1:41  Cybernetics Core  
  21  1:43  Probe (Chrono Boost)  
  25  1:54  Probe (Chrono Boost)  
  25  2:02  Nexus  
  25  2:14  Gateway  
  25  2:23  Pylon  
  25  2:24  Zealot, Warp Gate  
  25  2:28  Probe (Chrono Boost)  
  28  2:40  Probe (Chrono Boost), Assimilator  
  29  2:50  Adept  
  32  2:51  Probe (Chrono Boost)  
  32  2:59  Adept  
  32  3:03  Probe (Chrono Boost)  
  32  3:05  Pylon  
  35  3:14  Probe (Chrono Boost)  
  35  3:15  Adept  
  37  3:25  Stalker  
  37  3:26  Probe (Chrono Boost)  
  40  3:30  Probe (Chrono Boost)  
  41  3:37  Probe (Chrono Boost)  
  43  3:42  Probe (Chrono Boost)  
  43  3:47  Robotics Facility  
  44  3:48  Probe (Chrono Boost)  
  44  3:53  Probe (Chrono Boost)  
  44  3:54  Adept  
  45  3:59  Probe (Chrono Boost)  
  45  4:02  Adept  
  48  4:05  Probe (Chrono Boost)  
  51  4:11  Probe (Chrono Boost)  
  51  4:15  Pylon  
  51  4:16  Probe (Chrono Boost)  
  53  4:23  Probe (Chrono Boost)  
  54  4:27  Probe (Chrono Boost)  
  55  4:31  Immortal  
  55  4:32  Stalker  
  55  4:34  Probe (Chrono Boost)  
  63  4:39  Probe (Chrono Boost)  
  63  4:41  Pylon  
  63  4:44  Stalker  
  66  4:46  Probe (Chrono Boost)  
  66  4:50  Probe (Chrono Boost)  
  67  4:55  Robotics Facility  
  67  4:57  Probe (Chrono Boost)  
  67  4:58  Stalker  
  70  5:07  Immortal  
  70  5:09  Probe (Chrono Boost)  
  70  5:11  Probe (Chrono Boost)  
  76  5:14  Pylon  
  76  5:19  Pylon  
  76  5:23  Sentry  
  76  5:26  Twilight Council  
  78  5:32  Assimilator  
  78  5:37  Assimilator  
  78  5:38  Probe (Chrono Boost)  
  79  5:47  Gateway  
  79  5:53  Zealot  
  79  5:55  Probe x2 (Chrono Boost)  
  83  5:58  Pylon  
  83  6:06  Probe x2 (Chrono Boost)  
  83  6:09  Templar Archives  
  85  6:16  Probe (Chrono Boost)  
  86  6:21  Forge  
  86  6:23  Forge  
  86  6:28  Nexus  
  86  6:31  Stalker  
  88  6:34  Pylon  
  88  6:35  Stalker  
  90  6:42  Stalker  
  92  6:51  Stalker  
  94  6:56  High Templar, Protoss Ground Weapons Level 1  
  94  6:57  Pylon  
  96  7:02  High Templar  
  96  7:05  Pylon  
  98  7:09  Observer  
  98  7:12  Zealot  
  101  7:19  Archon  
  101  7:25  Pylon  
  101  7:26  Zealot  
  103  7:31  Photon Cannon  
  103  7:32  Zealot  
  103  7:33  High Templar  
  103  7:34  Gateway  
  107  7:41  Photon Cannon  
  107  7:42  Probe x3 (Chrono Boost)  
  90  7:45  Zealot  
  90  7:50  Zealot, Assimilator  
  78  7:52  Assimilator  
  78  7:54  Probe x2 (Chrono Boost)  
  78  7:56  Probe (Chrono Boost)  
  75  8:03  Zealot, Stalker  
  73  8:06  Probe x2 (Chrono Boost)  
  73  8:07  Probe (Chrono Boost)  
  73  8:10  Sentry  
  70  8:17  Probe (Chrono Boost)  
  70  8:19  Probe x2 (Chrono Boost)  
  67  8:22  Stalker  
  67  8:24  Sentry  
  53  8:28  Zealot  
  53  8:29  Probe (Chrono Boost)  
  53  8:30  Probe (Chrono Boost)  
  53  8:31  Probe (Chrono Boost)  
  53  8:32  Adept  
  40  8:43  Zealot  
  40  8:45  High Templar  
  40  8:48  High Templar  
  40  8:50  Stalker  
  33  9:02  High Templar  
  31  9:12  Zealot  
  31  9:15  Zealot  
  32  9:30  Sentry  
Tags
 
Composition
Zealot Archon
League
Gold
Matchup
PvT
Add a new tag
Caveats
  • Supply blocks, unpowered buildings, or Contaminate may cause inaccurate times.
  • Supply counts are checked every 10 seconds.